 Dungeon Crawl Stone Soup version 0.30-a0-1160-g6e42c06551 (webtiles) character file.

Game seed: 8052165408000882917

80 FlurksSlurper the Sneak (level 4, -8/30 (33) HPs)
             Began as a Demonspawn Brigand on Apr 25, 2023.
             Mangled by Crazy Yiuf
             ... wielding a +4 quarterstaff of chaos
              (10 damage)
             ... on level 2 of the Dungeon.
             The game lasted 00:04:40 (1654 turns).

FlurksSlurper the Sneak (Demonspawn Brigand)        Turns: 1654, Time: 00:04:40

HP:   -8/30 (33)    AC:  6    Str: 18    XL:     4   Next: 18%
MP:   9/9           EV: 11    Int: 18    God:
Gold: 112           SH:  0    Dex: 14    Spells: 9/9 levels left

rFire   . . .        s - +2 dagger (elec)
rCold   + . .        (no shield)
rNeg    . . .        b - +0 robe
rPois   .            r - +1 helmet {SInv}
rElec   .            c - +0 cloak
rCorr   .            (no gloves)
SInv    +            k - +0 pair of boots
Will    .....        u - amulet of Xosyuj {Acrobat rC+ Str+7 Int+3 Stlth-}
Stlth   +            (no ring)
HPRegen 0.25/turn    (no ring)
MPRegen 0.11/turn

%: acrobat
@: drained
A: claws 1, demonic guardian 1
a: no special abilities


You were on level 2 of the Dungeon.
You visited 1 branch of the dungeon, and saw 2 of its levels.

You collected 112 gold pieces.

Inventory:

Hand Weapons
 a - a +2 dagger
 s - a +2 dagger of electrocution (weapon)
Missiles
 d - 9 poisoned darts (quivered)
 h - 6 javelins
 m - 2 boomerangs
Armour
 b - a +0 robe (worn)
 c - a +0 cloak (worn)
 k - a +0 pair of boots (worn)
 r - a +1 helmet of see invisible (worn)
Jewellery
 l - a ring of fire
 u - the amulet of Xosyuj (around neck) {Acrobat rC+ Str+7 Int+3 Stlth-}
   (You found it on level 2 of the Dungeon)

   [amulet of the acrobat]

   It increases your evasion while moving and waiting.
   Str:       It affects your strength (+7).
   Int:       It affects your intelligence (+3).
   rC:        It protects you from cold.
   Stlth:     It makes you less stealthy.
Wands
 n - a wand of acid (9)
Scrolls
 g - a scroll of magic mapping {unknown}
 o - 3 scrolls of identify {unknown}
 p - a scroll of blinking {unknown}
Potions
 f - a potion of curing {unknown}
 i - a potion of cancellation {unknown}
 j - 2 potions of might {unknown}
 q - a potion of lignification {unknown}
 t - a potion of resistance {unknown}
 v - 2 potions of haste {unknown}


   Skills:
 - Level 2.0 Fighting
 - Level 1.7 Short Blades
 + Level 1.9 Throwing
 - Level 0.8 Dodging
 + Level 3.6 Stealth
 * Level 3.3 Spellcasting


You had 9 spell levels left.
You didn't know any spells.
Your spell library contained the following spells:

 Spells                   Type           Power      Damage    Failure   Level
 Lesser Beckoning         Tloc           6%         N/A       24%         2
 Volatile Blastmotes      Fire/Tloc      6%         2d10      43%         3
 Anguish                  Hex/Necr       1%         N/A       83%         4
 Cause Fear               Hex            1%         N/A       83%         4
 Enfeeble                 Hex            1%         N/A       100%        7


Dungeon Overview and Level Annotations

Branches:
Dungeon (2/15)

Altars:

Annotations:
D:2 Crazy Yiuf


Innate Abilities, Weirdness & Mutations

You have sharp fingernails.
A weak demonic guardian rushes to your aid.


Message History

The ball python constricts you.
You hit the ball python.
You kill the ball python!
Unknown command.
A dart slug comes into view.
A dart slug is nearby!
The dart slug completely misses you.
You hit the dart slug.
The dart slug is moderately wounded.
You hit the dart slug.
The dart slug is moderately wounded.
The dart slug bites you.
A demonic guardian appears!
You hit the dart slug.
Lightning courses through the dart slug!
You kill the dart slug!
You swap places.
Your iron imp disappears in a puff of smoke!
There is a stone staircase leading up here.
Found a hammer.
Found a runed translucent door.
Crazy Yiuf shouts!
Crazy Yiuf grits, "Aardvark agre shrimp!"
You see here a +0 club.
You open the door. You completely miss Crazy Yiuf.
Crazy Yiuf hits you with a +4 quarterstaff of chaos!
You convulse!
* * * LOW HITPOINT WARNING * * *
A demonic guardian appears!
Unknown command.
Throw: dart (curare)
Press: ? - help, Shift-Dir - straight line, f - Crazy Yiuf
Aim: Crazy Yiuf, wielding a +4 quarterstaff of chaos and wearing a +0 cloak (ally target, 63% to hit)
You throw a curare-tipped dart. The curare-tipped dart hits Crazy Yiuf.
Crazy Yiuf is poisoned.
Crazy Yiuf convulses.
Crazy Yiuf seems to slow down.
Crazy Yiuf is moderately wounded.
Crazy Yiuf hits you with a +4 quarterstaff of chaos!
* * * LOW HITPOINT WARNING * * *
You convulse!
You die...

#####.....###.#
#...#.........#
....#........##
#...#...######
....#...# #...#...#
#...#...##♣♣ ###
#####......♣♣ ♣♣#..)#
###..)......♣♣♣♣@g...#
#...#........♣.5♣#...#
..###..#....♣.♣♣♣ ###
##<....###♣♣♣♣♣
##.##..# #..#..##
..##.## ####.# # #.#


You could see Crazy Yiuf (very poisoned, slow, ally target) and a friendly
quasit (summoned).

Vanquished Creatures
  Robin (D:2)
  An adder (D:2)
  A worm (D:2)
  2 dart slugs
  9 bats
  5 endoplasms
  13 goblins
  6 hobgoblins
  2 kobolds
  4 ball pythons (D:2)
  3 frilled lizards
  3 rats
50 creatures vanquished.

Notes
Turn   | Place    | Note
-------+----------+-------------------------------------------
     0 | D:1      | FlurksSlurper the Demonspawn Brigand began the quest for
                  | the Orb.
     0 | D:1      | Reached XP level 1. HP: 16/16 MP: 1/1
    54 | D:1      | Reached skill level 1 in Spellcasting
   144 | D:1      | Gained mutation: You have sharp fingernails. [demonic
                  | ancestry]
   144 | D:1      | Reached XP level 2. HP: 22/22 MP: 2/4
   897 | D:2      | Reached XP level 3. HP: 11/27 MP: 6/6
  1029 | D:2      | Noticed Robin
  1043 | D:2      | Killed Robin
  1096 | D:2      | Got the Tome of Hedonism
  1109 | D:2      | Gained mutation: A weak demonic guardian rushes to your
                  | aid. [demonic ancestry]
  1109 | D:2      | Reached XP level 4. HP: 13/29 MP: 8/8
  1397 | D:2      | Identified the amulet of Xosyuj {Acrobat rC+ Str+7 Int+3
                  | Stlth-}
  1580 | D:2      | Found a runed translucent door.
  1581 | D:2      | Noticed Crazy Yiuf
  1654 | D:2      | Mangled by Crazy Yiuf

Illustrated notes

Levels and vault maps discovered:
D:1:      dpeg_arrival_lava_temple_mockup, layout_basic, minmay_heptomino_d4
D:2:      layout_rooms, uniq_robin, uniq_crazy_yiuf_cottage

Skill      XL: |  1  2  3 |
---------------+----------+-----
Spellcasting   | 1 2 3 |  3.3
Fighting       | |  2.0
Short Blades   | |  1.7
Throwing       | |  1.9
Dodging        | |  0.8
Stealth        | |  3.6

Action                     |  1- 3 |  4- 6 || total
---------------------------+-------+-------++-------
  Melee: Dagger            |   121 |    22 ||   143
         Punch             |       |     1 ||     1
  Throw: Dart              |     3 |     1 ||     4
         Boomerang         |     1 |       ||     1
         Javelin           |     3 |       ||     3
  Evoke: Wand              |     1 |       ||     1
   Stab: Sleeping          |     5 |       ||     5
 Armour: Robe              |    57 |    15 ||    72
  Dodge: Dodged            |   101 |    20 ||   121

Table legend: (Time is in decaauts)
 A = Elapsed time spent in this place.
 B = Non-inter-level travel time spent in this place.
 C = Inter-level travel time spent in this place.
 D = Time resting spent in this place.
 E = Time spent auto-exploring this place.
 F = Levels seen in this place.
 G = Mean time per level.
                   A        B        C        D        E       F      G
               +--------+--------+--------+--------+--------+-----+--------+
         Total |   1642 |   1580 |     62 |      0 |   1130 |   2 |  821.0 |
       Dungeon |   1642 |   1580 |     62 |      0 |   1130 |   2 |  821.0 |
               +--------+--------+--------+--------+--------+-----+--------+

Top non-repeatable levels by time:
     D:1: 850 daAuts
     D:2: 791 daAuts
